 Dungeon Crawl Stone Soup version 0.21.1-1-g345015f (webtiles) character file.

21 tidbits the Charmwright (level 2, -14/26 HPs)
             Began as a Gnoll Skald on June 22, 2018.
             Demolished by Menkaure (22 damage)
             ... on level 4 of the Dungeon.
             The game lasted 00:04:43 (723 turns).

tidbits the Charmwright (Gnoll Skald)                Turns: 723, Time: 00:04:43

Health: -14/26     AC:  3    Str: 13    XL:     2   Next: 87%
Magic:  5/7        EV: 14    Int: 15    God:
Gold:   52         SH:  0    Dex: 14    Spells: 5/10 levels left

rFire    . . .     SeeInvis .   a - +0 hand axe
rCold    . . .     Gourm    .   (no shield)
rNeg     . . .     Faith    .   b - +0 leather armour
rPois    .         Spirit   .   (no helmet)
rElec    .         Reflect  .   (no cloak)
rCorr    .         Harm     .   (no gloves)
MR       .....                  (no boots)
Stlth    +.........             (no amulet)
HPRegen  0.08/turn              (no ring)
MPRegen  0.10/turn              (no ring)

@: infused
A: distributed training, fangs 1, strong nose
a: no special abilities


You were on level 4 of the Dungeon.
You were not hungry.

You visited 1 branch of the dungeon, and saw 4 of its levels.

You collected 52 gold pieces.

Inventory:

Hand Weapons
 a - a +0 hand axe (weapon)
 q - a +0 hunting sling
 r - a +0 dagger
Missiles
 g - 3 tomahawks (quivered)
Armour
 b - a +0 leather armour (worn)
 j - a +0 buckler
 l - a +0 ring mail
Wands
 t - a wand of enslavement (3)
Scrolls
 e - a scroll of teleportation {unknown}
 f - a scroll of remove curse {unknown}
 h - a scroll of blinking {unknown}
 i - a scroll of fog {unknown}
 m - 2 scrolls of enchant armour {unknown}
 n - 2 scrolls of identify {unknown}
 o - a scroll of fear {unknown}
 u - a scroll of magic mapping {unknown}
Potions
 p - a potion of mutation {unknown}
 s - a potion of might {unknown}
Books
 c - a book of Battle

   Spells                             Type                      Level
   a - Infusion                       Charms                       1
   b - Shroud of Golubria             Charms/Translocation         2
   c - Song of Slaying                Charms                       2
   d - Spectral Weapon                Hexes/Charms                 3
   e - Regeneration                   Charms/Necromancy            3
Comestibles
 d - 4 rations


   Skills:
 + Level 4.5 Fighting
 + Level 0.5 Short Blades
 + Level 0.5 Long Blades
 + Level 4.5 Axes
 + Level 0.5 Maces & Flails
 + Level 0.5 Polearms
 + Level 0.5 Staves
 + Level 0.5 Slings
 + Level 0.5 Bows
 + Level 0.5 Crossbows
 + Level 0.5 Throwing
 + Level 2.5 Armour
 + Level 4.5 Dodging
 + Level 0.5 Stealth
 + Level 0.5 Shields
 + Level 0.5 Unarmed Combat
 + Level 4.9 Spellcasting
 + Level 0.3 Conjurations
 + Level 0.3 Hexes
 + Level 5.3 Charms
 + Level 0.3 Summonings
 + Level 0.3 Necromancy
 + Level 0.3 Translocations
 + Level 0.3 Transmutations
 + Level 0.3 Fire Magic
 + Level 0.3 Ice Magic
 + Level 0.3 Air Magic
 + Level 0.3 Earth Magic
 + Level 0.3 Poison Magic
 + Level 0.6 Invocations
 + Level 0.5 Evocations


You had 5 spell levels left.
You knew the following spells:

 Your Spells              Type           Power        Failure   Level  Hunger
g - Shroud of Golubria    Chrm/Tloc      ##........   10%         2    ##.....
i - Infusion              Chrm           ###.         2%          1    None
y - Song of Slaying       Chrm           ###.....     3%          2    ##.....


Dungeon Overview and Level Annotations

Branches:
Dungeon (4/15)
 Temple: D:4-7

Altars:
Yredelemnul

Annotations:
D:3 nightchill's ghost, amateur GnSk
D:4 Menkaure


Innate Abilities, Weirdness & Mutations

Your experience applies equally to all skills.
You have very sharp teeth.
Your uncanny sense of smell can sniff out nearby items.


Message History

The goblin is severely wounded.
The goblin closely misses you.
You hit the goblin.
You kill the goblin!
You see here a goblin corpse.
There is a stone staircase leading down here.
There is a stone staircase leading down here.
You climb downwards.
There is a stone staircase leading up here.
Your song is almost over.
You open the door.
Found 16 gold pieces.
There is an open door here.
Your song has ended.
You see here 16 gold pieces.
You now have 37 gold pieces (gained 16).
You open the door.
There is an open door here.
Found a bubbling purple potion.
Found a stone staircase leading up.
You see here a bubbling purple potion.
s - a bubbling purple potion
There is a stone staircase leading up here.
You climb upwards.
Nightchill's ghost (amateur Gnoll Skald) comes into view.
It is wielding a weapon of pain.
There is a stone staircase leading down here.
Unknown command.
Nightchill's ghost mumbles some strange words.
Nightchill's ghost's wounds begin to heal before your eyes!
You climb downwards.
There is a stone staircase leading up here.
Unknown command.
There is a stone staircase leading up here.
Found 15 gold pieces.
Found an escape hatch in the ceiling.
You see here 15 gold pieces.
You now have 52 gold pieces (gained 15).
Found a leather armour.
There is an escape hatch in the ceiling here.
You open the door.
A worm comes into view.
Found a robe and a chain mail.
Okay, then.
There is an open door here.
Casting: Song of Slaying
Confirm with . or Enter, or press ? or * to list all spells.
You begin infusing your attacks with magical energy.
The worm closely misses you.
You slash the worm!
The worm is heavily wounded.
The worm misses you.
You hit the worm. You bite the worm, but do no damage.
The worm is almost dead.
You barely miss the worm.
The worm is almost dead.
The worm barely misses you.
You hit the worm!
You kill the worm!
You open the door.
There is an open door here.
Your magical infusion is running out.
Found 8 gold pieces.
Found a shiny gold wand.
Unknown command.
You are no longer magically infusing your attacks.
There is a shaft here.
You see here a wand of enslavement (3).
t - a wand of enslavement (3)
Found a ration.
You see here a ration.
d - 4 rations (gained 1)
Found a scroll labeled XUIC GAVVUR.
You see here a scroll labeled XUIC GAVVUR.
u - a scroll labeled XUIC GAVVUR A phantom comes into view.
The phantom blinks!
As you open the door, it creaks loudly!
You hear a shout!
Found 16 arrows.
There is an open door here.
Menkaure, Prince of Dust comes into view.
Menkaure moves out of view.
Casting: Infusion
Confirm with . or Enter, or press ? or * to list all spells.
You begin infusing your attacks with magical energy.
It was a potion of heal wounds.
You feel much better.
You hit Menkaure! Your bite misses Menkaure.
Menkaure is moderately damaged.
Menkaure gestures at you while chanting.
Pain shoots through your body!
Ouch! That really hurt!
* * * LOW HITPOINT WARNING * * *
You barely miss Menkaure. You bite Menkaure.
Menkaure is moderately damaged.
Menkaure hits you.
* * * LOW HITPOINT WARNING * * *
You barely miss Menkaure.
Menkaure is moderately damaged.
Menkaure hits you!!
Ouch! That really hurt!
You die...

................#
###.#$..###.....#####
#.........#.......#
#####.######.....##
... ##...## #.# ##'##
.# #.# #.# #@# #M..#
....... #.#...#.#
#.##.(.... ∆ ∆#
#.##.### ..# . #.# #


You could see Menkaure.

Vanquished Creatures
  A worm (D:4)
  2 giant cockroaches
  6 goblins
  2 hobgoblins (D:1)
  2 bats
  A kobold (D:3)
  2 rats (D:1)
16 creatures vanquished.

Vanquished Creatures (others)
  4 toadstools (D:1)
4 creatures vanquished.

Grand Total: 20 creatures vanquished

Notes
Turn   | Place    | Note
-------+----------+-------------------------------------------
     0 | D:1      | tidbits the Gnoll Skald began the quest for the Orb.
     0 | D:1      | Reached XP level 1. HP: 20/20 MP: 6/6
   126 | D:1      | Reached XP level 2. HP: 26/26 MP: 4/7
   130 | D:1      | Learned a level 2 spell: Song of Slaying
   133 | D:1      | Learned a level 2 spell: Shroud of Golubria
   277 | D:2      | Found a basalt altar of Yredelemnul.
   618 | D:3      | Noticed nightchill's ghost (amateur GnSk)
   709 | D:4      | Noticed a phantom
   717 | D:4      | Noticed Menkaure
   723 | D:4      | Demolished by Menkaure

Action                   || total
-------------------------++-------
Melee: Hand axe          ||    47
       Bite              ||     4
 Cast: Infusion          ||     9
       Song of Slaying   ||     3
  Use: Potion            ||     1
Armor: Leather armour    ||    11
Dodge: Dodged            ||    28

Table legend:
 A = Turns spent in this place as a percentage of turns spent in the entire game.
 B = Non-inter-level travel turns spent in this place as a percentage of non-inter-level travel turns spent in the entire game.
 C = Inter-level travel turns spent in this place as a percentage of turns spent in this place.
 D = Turns resting spent in this place as a percentage of non-inter-level travel turns spent in this place.
 E = Turns spent auto-exploring this place as a percentage of non-inter-level travel turns spent in this place.
 F = Non-inter-level travel turns spent in this place divided by the number of levels of this place that you've seen.
                   A       B       C       D       E      F
               +-------+-------+-------+-------+-------+----------------------
         Total | 100.0 | 100.0 |   1.9 |   0.0 |   0.0 | 177.2
       Dungeon | 100.0 | 100.0 |   1.9 |   0.0 |   0.0 | 177.2
               +-------+-------+-------+-------+-------+----------------------

Table legend:
 A = Kills in this place as a percentage of kills in entire the game.
 B = Kills by you in this place as a percentage of kills by you in the entire game.
 C = Kills by friends in this place as a percentage of kills by friends in the entire game.
 D = Other kills in this place as a percentage of other kills in the entire game.
 E = Experience gained in this place as a percentage of experience gained in the entire game.
 F = Experience gained in this place divided by the number of levels of this place that you have seen.
                   A       B       C       D       E      F
               +-------+-------+-------+-------+-------+----------------------
         Total | 100.0 | 100.0 |   N/A |   N/A | 100.0 |   7.8
       Dungeon | 100.0 | 100.0 |   N/A |   N/A | 100.0 |   7.8
               +-------+-------+-------+-------+-------+----------------------

Vault maps used:
D:1:      ldierk_walled_garden_2
D:2:      nicolae_overflow_crystal_walls, first_ration, minmay_misc_feat_doors
D:3:      lemuel_coloured_pillars_altar
D:4:      kennysheep_big_flooded_room, kennysheep_little_box, uniq_menkaure
